 Dungeon Crawl Stone Soup version 0.26-a0-663-g36e8fdb655 (webtiles) character file.

Game seed: 452040029965154236

928 jasper the Cleaver (level 8, -6/58 HPs)
             Began as a Formicid Abyssal Knight on Oct 10, 2020.
             Was a Priest of Lugonu.
             Mangled by Prince Ribbit (11 damage)
             ... on level 5 of the Dungeon.
             The game lasted 00:07:40 (5348 turns).

jasper the Cleaver (Formicid Abyssal Knight)        Turns: 5348, Time: 00:07:40

Health: -6/58      AC: 11    Str: 21    XL:     8   Next: 32%
Magic:  9/9        EV:  6    Int: 12    God:    Lugonu [***...]
Gold:   283        SH:  0    Dex:  8    Spells: 7/7 levels left

rFire    . . .     SeeInvis +   s - +0 war axe
rCold    . . .     Faith    .   (no shield)
rNeg     . . .     Spirit   .   i - +0 plate armour {rPois}
rPois    +         Reflect  .   (helmet unavailable)
rElec    .         Harm     .   (no cloak)
rCorr    .         Rampage  .   (no gloves)
MR       .....     Clarity  +   (no boots)
Stlth    ..........             (no amulet)
HPRegen  0.19/turn              (no ring)
MPRegen  0.11/turn              (no ring)

@: mighty
A: permanent stasis, dig shafts and tunnels, four strong arms, antennae 3,
blurry vision 1, clarity, clumsy 1, strong 1
a: Dig, Shaft Self, Depart the Abyss, Bend Space, Banish, Renounce Religion


You were on level 5 of the Dungeon.
You worshipped Lugonu.
Lugonu was most pleased with you.
You visited 1 branch of the dungeon, and saw 5 of its levels.
You visited the Abyss 1 time.

You collected 283 gold pieces.

Inventory:

Hand Weapons
 a - a +1 hand axe
 h - a +3 flail of draining
 s - a +0 war axe (weapon)
 u - a +1 flail of protection
Missiles
 d - 94 stones
 n - 25 poisoned darts (quivered)
Armour
 b - a +0 leather armour
 c - a +0 ring mail
 i - a +0 plate armour of poison resistance (worn)
Jewellery
 m - a +6 ring of strength {unknown}
Wands
 o - a wand of flame (7)
Scrolls
 e - 4 scrolls of enchant weapon {unknown}
 f - 2 scrolls of noise {unknown}
 g - 5 scrolls of identify {unknown}
 j - a scroll of fear {unknown}
 k - 2 scrolls of amnesia {unknown}
 p - a scroll of remove curse {unknown}
 q - a scroll of enchant armour {unknown}
 r - 3 scrolls of teleportation {unknown}
 v - a scroll of immolation {unknown}
 y - a scroll of magic mapping {unknown}
Potions
 t - a potion of stabbing
 w - a potion of might
 x - a potion of cancellation


   Skills:
 + Level 3.5 Fighting
 - Level 9.0 Axes
 + Level 2.5 Armour
 - Level 0.8 Dodging
 + Level 2.6 Invocations


You had 7 spell levels left.
You didn't know any spells.
Your spell library contained the following spells:

 Spells                   Type           Power        Failure   Level
 Magic Dart               Conj           #...         100%        1
 Call Imp                 Summ           #.......     100%        2
 Slow                     Hex            #.......     100%        2
 Conjure Flame            Conj/Fire      #.......     100%        3
 Mephitic Cloud           Conj/Pois/Air  #.......     100%        3
 Blink                    Tloc           Unusable     N/A         2

Dungeon Overview and Level Annotations

Branches:
Dungeon (5/15)
 Temple: D:4-7

Altars:
Gozag
Makhleb
Qazlal
Ru
Vehumet
Wu Jian
Yredelemnul

Shops:
D:5 (

Annotations:
D:2 1 runed translucent door, Crazy Yiuf
D:5 Prince Ribbit


Innate Abilities, Weirdness & Mutations

You cannot be hasted, slowed, berserked, paralysed or teleported.
You can dig through walls and to a lower floor.
Your four strong arms can wield two-handed weapons with a shield.
You have a pair of large antennae on your head. (SInv)
Scrolls take you a little longer to read.
You possess an exceptional clarity of mind.
You are clumsy. (Dex -2)
Your muscles are strong. (Str +2)


Message History

* * * LOW HITPOINT WARNING * * *
You take 10 damage, and have 8/58 hp.
Unknown command.
You feel better.
Prince Ribbit hits you but does no damage.
Prince Ribbit hits you!
* * * LOW HITPOINT WARNING * * *
You take 4 damage, and have 4/58 hp.
You feel better. Prince Ribbit hits you!
* * * LOW HITPOINT WARNING * * *
You feel better. Prince Ribbit hits you.
* * * LOW HITPOINT WARNING * * *
Okay, then.
Okay, then.
Evoke which item? (* to show all) (? for menu, Esc to quit)
Okay, then.
You slash Prince Ribbit!
Prince Ribbit is almost dead.
Prince Ribbit hits you!
You die...

#....'...#...#...
##....#...##..#...
#(....#...##..#...
#.....#...##..#...
#..(..#...##..###+
#.....#........{.{
#.....#.......§§§.
+######F....#..###.{§§§{
.......@..###.. #§§.§{§
..........# . ....§.{.{
..........# ......§...
..........+ .....§.{.{
....(.....#######+#...{.
#####..............{.{.§
######........§.§...
#....+........§{§§.{
#....#..........§.{.


You could see Prince Ribbit (very poisoned).

Vanquished Creatures
  Edmund (D:5)
  2 phantoms
  An ogre (D:4)
  Blork the orc (D:5)
  A bullfrog (D:4)
  A bullfrog skeleton (D:4)
  2 hounds
  3 orc priests
  Terence (D:2)
  A hound zombie (D:5)
  A worker ant zombie (D:5)
  A gnoll (D:1)
  A howler monkey skeleton (D:4)
  4 adders
  A shadow imp (D:5)
  A white imp (D:5)
  An ooze (D:3)
  An ufetubus (D:5)
  5 worms
  8 dart slugs
  4 leopard geckos
  5 orcs
  2 giant cockroaches
  4 goblins
  12 hobgoblins
  8 jackals
  3 quokkas
  7 bats
  7 frilled lizards
  A jackal skeleton (D:4)
  7 kobolds
  A leopard gecko skeleton (D:2)
  A quokka zombie (D:5)
  13 rats
113 creatures vanquished.

Vanquished Creatures (others)
  8 plants (D:4)
8 creatures vanquished.

Grand Total: 121 creatures vanquished

Notes
Turn   | Place    | Note
-------+----------+-------------------------------------------
     0 | Abyss:1  | jasper the Formicid Abyssal Knight began the quest for the
                  | Orb.
     0 | Abyss:1  | Reached XP level 1. HP: 18/18 MP: 2/2
    53 | Abyss:2  | Noticed a thrashing horror
    53 | D:1      | Escaped the Abyss
   119 | D:1      | Reached * piety under Lugonu
   119 | D:1      | Reached XP level 2. HP: 24/24 MP: 3/3
   271 | D:1      | Reached skill level 3 in Axes
   494 | D:1      | Reached XP level 3. HP: 29/29 MP: 4/4
   935 | D:2      | Reached skill level 4 in Axes
   935 | D:2      | Reached XP level 4. HP: 29/35 MP: 5/5
  1161 | D:2      | Found a stormy altar of Qazlal.
  1174 | D:2      | Reached ** piety under Lugonu
  1328 | D:2      | Found a runed translucent door.
  1329 | D:2      | Noticed Crazy Yiuf
  1421 | D:2      | Noticed Terence
  1437 | D:2      | Killed Terence
  1540 | D:2      | Reached XP level 5. HP: 41/41 MP: 6/6
  1815 | D:2      | Found a sacrificial altar of Ru.
  2050 | D:2      | Found an ornate altar of the Wu Jian Council.
  2398 | D:3      | Reached skill level 5 in Axes
  2470 | D:3      | Found a burning altar of Makhleb.
  2848 | D:3      | Reached XP level 6. HP: 39/47 MP: 7/7
  2849 | D:3      | Reached skill level 6 in Axes
  3036 | D:3      | Reached *** piety under Lugonu
  3272 | D:3      | Found a radiant altar of Vehumet.
  3429 | D:4      | Noticed an ogre
  3452 | D:4      | Killed an ogre
  3597 | D:4      | Reached skill level 7 in Axes
  3597 | D:4      | Reached XP level 7. HP: 45/52 MP: 8/8
  4349 | D:4      | Gained mutation: Scrolls take you a little longer to read.
                  | [potion of mutation]
  4349 | D:4      | Gained mutation: You are clumsy. (Dex -2) [potion of
                  | mutation]
  4349 | D:4      | Gained mutation: You possess an exceptional clarity of
                  | mind. [potion of mutation]
  4349 | D:4      | Gained mutation: Your muscles are strong. (Str +2) [potion
                  | of mutation]
  4391 | D:5      | Entered Level 5 of the Dungeon
  4521 | D:5      | Noticed Blork the orc
  4538 | D:5      | Killed Blork the orc
  4538 | D:5      | Reached skill level 8 in Axes
  4740 | D:5      | Found an opulent altar of Gozag.
  4748 | D:5      | Found a basalt altar of Yredelemnul.
  4789 | D:5      | Noticed Edmund
  4814 | D:5      | Killed Edmund
  4814 | D:5      | Reached XP level 8. HP: 53/58 MP: 9/9
  4914 | D:5      | Reached skill level 9 in Axes
  5188 | D:5      | Found Waog's Antique Weapon Emporium.
  5322 | D:5      | Noticed Prince Ribbit
  5348 | D:5      | Mangled by Prince Ribbit

Illustrated notes

Levels and vault maps discovered:
D:1:      dpeg_arrival_tiny_a, layout_rooms
D:2:      layout_basic, nicolae_qazlal_general_emergency, lemuel_round_altar,
          nicolae_ru_sacrificial_ziggurat, uniq_terence, uniq_crazy_yiuf_cottage
D:3:      layout_rooms, makhleb_heckhound_becter, lemuel_coloured_pillars_altar
D:4:      wad_woods_pond, layout_basic
D:5:      layout_gridville, grunt_temple_overflow_open, kennysheep_mini,
          serial_shops, shop, kennysheep_crisscross, uniq_edmund,
          uniq_prince_ribbit1, uniq_blork_the_orc

Skill      XL: |  1  2  3  4  5  6  7  8 |
---------------+-------------------------+-----
Axes           | 3 4 5 7 8 9 |  9.0
Fighting       | |  3.5
Armour         | |  2.5
Dodging        | |  0.8
Invocations    | |  2.6

Action                   |  1- 3 |  4- 6 |  7- 9 || total
-------------------------+-------+-------+-------++-------
Melee: Hand axe          |    98 |   183 |    72 ||   353
       War axe           |       |       |    78 ||    78
Throw: Stone             |     2 |       |       ||     2
       Dart              |       |    34 |    11 ||    45
Invok: Depart the Abyss  |     1 |       |       ||     1
Evoke: Wand              |       |       |     9 ||     9
  Use: Potion            |       |     3 |     6 ||     9
Armor: Ring mail         |    38 |    11 |       ||    49
       Plate armour      |       |   104 |   101 ||   205
Dodge: Dodged            |    58 |    67 |    48 ||   173

Table legend: (Time is in decaauts)
 A = Elapsed time spent in this place.
 B = Non-inter-level travel time spent in this place.
 C = Inter-level travel time spent in this place.
 D = Time resting spent in this place.
 E = Time spent auto-exploring this place.
 F = Levels seen in this place.
 G = Mean time per level.
                   A        B        C        D        E       F      G
               +--------+--------+--------+--------+--------+-----+--------+
         Total |   5375 |   5276 |     99 |    475 |   3772 |   7 |  767.9 |
       Dungeon |   5320 |   5221 |     99 |    475 |   3735 |   5 | 1064.0 |
         Abyss |     55 |     55 |      0 |      0 |     37 |   2 |   27.5 |
               +--------+--------+--------+--------+--------+-----+--------+

Top non-repeatable levels by time:
     D:2: 1551 daAuts
     D:4: 1097 daAuts
     D:5: 959 daAuts
     D:3: 913 daAuts
     D:1: 798 daAuts
 Abyss:1: 40 daAuts
 Abyss:2: 15 daAuts
